Unix NetHack Version 5.0.0-0 post-release - last build Jul 11 2026 15:18:16 (a5a7a23833b1ad5d30b1c6e96a93a978492a6348,branch:main).

Game began 2026-07-14 01:47:35, ended 2026-07-14 01:58:29.

IanCurtis, chaotic male elven Wizard

          ---------
          |.`)....|
          |...<....u##
          |.......|
          |.......|
          ---------

IanCurtis the Conjurer    St:10 Dx:17 Co:11 In:20 Wi:10 Ch:7  Chaotic
Dlvl:8  $:121 HP:0(36) Pw:39(49) AC:8  Xp:4 T:1681 

Latest messages:
 (For instructions type a '?')
 You are beginning to feel hungry.
 The kitten strikes at thin air!
 In what direction? l
 The spell hits the kitten!
 You kill the kitten!
 Snarkout's ghost wakes up!
 You descend the stairs.
 You see here a chest.
 Hmmm, the chest turns out to be locked.
 What do you want to eat? [x or ?*] ?
 A little goes a long way.
 You finish eating the lembas wafer.
 You feel full of energy.
 You hear a door open.
 You find a hidden door.
 The door resists!
 The door opens.
 With great effort you move the boulder.
 In what direction? l
 The boulder falls apart.
 You see here 66 rocks.
 You try to move the boulder, but in vain.
 You hear a door open.
 You feel full of energy.
 You try to move the boulder, but in vain.
 You see here 66 rocks.
 You descend the stairs.
 Please move the cursor to a monster, object or location.
 (For instructions type a '?')
 The gray unicorn is almost hit by a dart!
 In what direction? h
 The spell hits the gray unicorn.
 The gray unicorn resists!
 The gray unicorn butts!
 The gray unicorn kicks!
 In what direction? h
 The spell hits the gray unicorn!
 The gray unicorn resists!
 The gray unicorn butts!
 The gray unicorn kicks!
 The gray unicorn butts!
 The gray unicorn kicks!
 What do you want to use or apply? [ck-orC or ?*] n
 Improvise? [ynq] (q) y
 You start playing your tooled horn.
 You produce a frightful, grave sound.
 The gray unicorn butts!
 You die...
 Do you want your possessions identified? [ynq] (y) q

Inventory:
 Coins    ('$')
  $ - 121 gold pieces
 Amulets  ('"')
  z - an uncursed amulet of ESP
 Weapons  (')')
  a - a blessed +1 quarterstaff (weapon in hands)
 Armor    ('[')
  p - an uncursed +0 orcish helm (being worn)
  F - an uncursed +0 pair of gauntlets of power
  b - a blessed +0 cloak of magic resistance (being worn)
 Comestibles  ('%')
  x - an uncursed lembas wafer
 Scrolls  ('?')
  v - an uncursed scroll of create monster
  G - an uncursed scroll of earth
  h - an uncursed scroll of light
  i - an uncursed scroll of punishment
  j - an uncursed scroll of remove curse
 Spellbooks  ('+')
  C - an uncursed spellbook of cure blindness
  l - an uncursed spellbook of extra healing
  k - a blessed spellbook of force bolt
  r - an uncursed spellbook of protection
  o - an uncursed spellbook of remove curse
 Potions  ('!')
  g - 2 uncursed potions of confusion
  y - an uncursed potion of fruit juice
  D - 2 uncursed potions of healing
  f - an uncursed potion of object detection
 Rings    ('=')
  e - an uncursed +1 ring of increase accuracy
  d - an uncursed ring of invisibility
 Wands    ('/')
  c - a wand of create monster (0:11)
 Tools    ('(')
  n - an uncursed tooled horn
  m - a magic marker (0:22)

IanCurtis the Wizard's attributes:

Background:
 You were a Conjurer, a level 4 male elven Wizard.
 You were chaotic, nominally on a mission for Anhur
 who was opposed by Ptah (lawful) and Thoth (neutral).
 You were right-handed.
 You were in the Dungeons of Doom, on level 8.
 You entered the dungeon 1681 turns ago.
 It was nighttime.
 There was a new moon in effect when your adventure ended.
 You had 96 experience points, 64 more were needed to attain level 5.

Basics:
 You had 0 out of 36 hit points.
 You had 39 out of 49 energy points (spell power).
 Your armor class was 8.
 Your wallet contained 121 zorkmids.
 Autopickup was off.

Final Characteristics:
 Your strength was 10 (limit:18).
 Your dexterity was 17 (limit:18).
 Your constitution was 11 (limit:16).
 Your intelligence was 20 (limit:20).
 Your wisdom was 10 (limit:20).
 Your charisma was 7 (limit:18).

Final Status:
 You weren't hungry.
 You were unencumbered.
 You were wielding a quarterstaff.
 You had basic skill with quarterstaff.

Final Attributes:
 You were devoutly aligned.
 You were magic-protected.
 You were sleep resistant.
 You had infravision.
 You were invisible.
 You were warded.
 You are dead.

Miscellaneous:
 You encountered 1 bones level.
 Total elapsed playing time was 10 minutes and 53 seconds.

Major events:
 Turn
    1: IanCurtis the chaotic male elven Wizard entered the dungeon
  982: attained the rank of Conjurer (level 3)
 1681: killed by a gray unicorn

Spells:
 Name                 Level Category     Fail Retention
 force bolt             1   attack         0%  91%-100%
 extra healing          3   healing       74%  76%-100%
 protection             1   clerical       0%  76%-100%
 cure blindness         2   healing       44%  76%-100%

Skills:
 Fighting Skills
   bare handed combat [Unskilled]
   riding             [Unskilled]
 Weapon Skills
   dagger             [Unskilled]
   knife              [Unskilled]
   axe                [Unskilled]
   short sword        [Unskilled]
   club               [Unskilled]
   mace               [Unskilled]
   quarterstaff       [Basic]
   polearms           [Unskilled]
   spear              [Unskilled]
   trident            [Unskilled]
   sling              [Unskilled]
   dart               [Unskilled]
   shuriken           [Unskilled]
 Spellcasting Skills
   attack spells      [Basic]
   healing spells     [Unskilled]
   divination spells  [Unskilled]
   enchantment spells [Basic]
   clerical spells    [Unskilled]
   escape spells      [Unskilled]
   matter spells      [Unskilled]

Voluntary challenges:
 Character rerolling was not enabled.
 You were an atheist.
 You never genocided any monsters.
 You never polymorphed an object.
 You never changed form.
 You used no wishes.
Achievement:
 You attained the rank of Conjurer.

 The Dungeons of Doom: levels 1 to 8
    Level 1:
    Level 2: "vault"
    Level 3:
       A fountain.
    Level 4: "vault"
    Level 5:
    Level 6: "bones?"
       A grave.
       Final resting place for
          snarkout-Wiz-Hum-Mal-Neu, killed by a kitten.
    Level 7:
    Level 8: <- You were here.
       Final resting place for
          you, killed by a gray unicorn.


Vanquished creatures:
  a little dog
  a floating eye
  a kitten
  a kobold shaman
  a giant bat
  a coyote
  a hobbit
  2 hobgoblins
  a yellow mold
  2 geckos
  3 jackals
  a fox
  3 goblins
  a sewer rat
  a grid bug
  3 newts
24 creatures vanquished.

No species were genocided or became extinct.

Game over:
                       ----------
                      /          \
                     /    REST    \
                    /      IN      \
                   /     PEACE      \
                  /                  \
                  |    IanCurtis     |
                  |      121 Au      |
                  | killed by a gray |
                  |     unicorn      |
                  |                  |
                  |                  |
                  |       2026       |
                 *|     *  *  *      | *
        _________)/\\_//(\/(/\)/\//\/|_)_______

Goodbye IanCurtis the Wizard...

You died in The Dungeons of Doom on dungeon level 8 with 843 points,
and 121 pieces of gold, after 1681 moves.
You were level 4 with a maximum of 36 hit points when you died.

